[ AOE2 MATCH · #495759145 ]
UnrankedBerbers vs Georgians
Player's team · WIN
Rival team · LOSS
[ REPLAY ANALYSIS · EXTRACTED FROM THE RECORDED GAME ]
Feudal
8:50
Castle
19:26
Imperial
45:12
| APM avg | 59.7 |
| APM peak | 86 |
| eAPM avg | 35.5 |
| Villagers / military | 148 / 150 |
Focus
⚔️ 60.0% · 🌾 40.0%
Camel Archer ×63 · Knight ×41 · Scout Cavalry ×23 · Battering Ram ×11 · Spearman ×4 · Monk ×3
Feudal
9:19
Castle
19:20
Imperial
36:44
| APM avg | 48.3 |
| APM peak | 88 |
| eAPM avg | 28.8 |
| Villagers / military | 143 / 40 |
Focus
⚔️ 42.0% · 🌾 58.0%
Monk ×11 · Spearman ×7 · Scout Cavalry ×7 · Mangonel ×6 · Trebuchet (Packed) ×4 · Knight ×3
Match map
Initial resources + every placement click. Lines = walls · curves = elevation contours. ◆ gold · ⬟ stone · ● berries · ✦ relic · ◌ wall gap
Your base· ✓ Closed at 19:26 · 31t walls · 1 gate(s)
shiXo.#'s base· ✓ Closed at 19:20 · 28t walls · no gate
Smoothed initial terrain · ◌ = detected wall gap · hover for details
Inputs per minute
— [R1] PoXoLo - - shiXo.#
Build order — [R1] PoXoLo
First 150 of 477 actions detected
| 0:00 | Create | Villager (Male) |
| 0:01 | Build | House |
| 0:02 | Build | House |
| 0:13 | Create | Villager (Male) |
| 0:16 | Create | Villager (Male) |
| 0:20 | Create | Villager (Male) |
| 1:11 | Create | Villager (Male) |
| 1:56 | Create | Villager (Male) |
| 1:56 | Create | Villager (Male) |
| 2:15 | Create | Villager (Male) |
| 2:18 | Build | Lumber Camp |
| 2:27 | Create | Villager (Male) |
| 2:53 | Create | Villager (Male) |
| 3:16 | Create | Villager (Male) |
| 3:45 | Create | Villager (Male) |
| 3:53 | Build | House |
| 3:54 | Build | House |
| 4:05 | Create | Villager (Male) |
| 4:28 | Create | Villager (Male) |
| 4:48 | Create | Villager (Male) |
| 4:51 | Create | Villager (Male) |
| 5:06 | Build | Mill |
| 5:21 | Create | Villager (Male) |
| 5:21 | Create | Villager (Male) |
| 5:59 | Research | Loom |
| 6:37 | Research | Feudal Age |
| 6:45 | Build | Lumber Camp |
| 6:54 | Create | Villager (Male) |
| 7:54 | Build | Barracks |
| 8:01 | Create | Villager (Male) |
| 8:50 | Age | Feudal Age |
| 8:52 | Build | Stable |
| 9:05 | Research | Double-Bit Axe |
| 9:11 | Create | Villager (Male) |
| 9:32 | Create | Spearman |
| 9:32 | Create | Scout Cavalry |
| 9:35 | Create | Villager (Male) |
| 9:40 | Build | House |
| 9:41 | Build | Palisade Wall |
| 9:42 | Build | Palisade Wall |
| 9:46 | Create | Villager (Male) |
| 9:49 | Create | Villager (Male) |
| 9:58 | Create | Villager (Male) |
| 9:59 | Build | Farm |
| 10:00 | Build | Farm |
| 10:06 | Create | Villager (Male) |
| 10:09 | Create | Scout Cavalry |
| 10:17 | Research | Town Watch |
| 10:24 | Create | Villager (Male) |
| 10:29 | Create | Scout Cavalry |
| 10:29 | Create | Villager (Male) |
| 10:32 | Create | Villager (Male) |
| 10:43 | Build | House |
| 10:46 | Build | Palisade Wall |
| 10:48 | Build | Palisade Wall |
| 10:52 | Create | Scout Cavalry |
| 10:54 | Build | Farm |
| 11:02 | Build | Palisade Wall |
| 11:07 | Create | Villager (Male) |
| 11:08 | Build | Farm |
| 11:15 | Build | Farm |
| 11:23 | Create | Villager (Male) |
| 11:34 | Build | House |
| 11:37 | Create | Spearman |
| 11:44 | Create | Villager (Male) |
| 12:05 | Create | Villager (Male) |
| 12:07 | Build | Farm |
| 12:08 | Create | Villager (Male) |
| 12:10 | Build | House |
| 12:11 | Build | House |
| 12:21 | Create | Spearman |
| 12:29 | Create | Villager (Male) |
| 12:36 | Build | Farm |
| 12:39 | Build | Farm |
| 12:45 | Create | Villager (Male) |
| 12:50 | Build | Palisade Wall |
| 12:59 | Create | Villager (Male) |
| 13:01 | Build | Farm |
| 13:07 | Build | House |
| 13:14 | Build | House |
| 13:15 | Build | Palisade Wall |
| 13:17 | Build | Palisade Wall |
| 13:24 | Create | Villager (Male) |
| 13:26 | Build | Farm |
| 13:29 | Build | Palisade Gate |
| 13:30 | Build | Palisade Wall |
| 13:43 | Create | Villager (Male) |
| 13:50 | Build | Farm |
| 14:03 | Create | Villager (Male) |
| 14:09 | Build | House |
| 14:10 | Build | House |
| 14:21 | Create | Villager (Male) |
| 14:22 | Build | Farm |
| 14:35 | Build | Mining Camp |
| 14:55 | Research | Wheelbarrow |
| 14:57 | Create | Villager (Male) |
| 15:12 | Build | House |
| 15:25 | Build | Blacksmith |
| 15:49 | Create | Villager (Male) |
| 15:50 | Build | Mining Camp |
| 16:17 | Create | Villager (Male) |
| 16:38 | Research | Castle Age |
| 16:43 | Research | Horse Collar |
| 16:58 | Create | Villager (Male) |
| 17:24 | Research | Gold Mining |
| 17:27 | Create | Spearman |
| 18:26 | Build | Farm |
| 18:28 | Create | Villager (Male) |
| 18:47 | Build | Farm |
| 19:01 | Create | Villager (Male) |
| 19:26 | Age | Castle Age |
| 19:33 | Build | Palisade Gate |
| 19:35 | Build | Palisade Wall |
| 19:36 | Create | Villager (Male) |
| 19:47 | Research | Bow Saw |
| 19:51 | Build | Monastery |
| 19:53 | Create | Villager (Male) |
| 20:01 | Create | Camel Scout |
| 20:04 | Create | Villager (Male) |
| 20:07 | Build | Castle |
| 20:15 | Create | Villager (Male) |
| 20:44 | Research | Bloodlines |
| 20:48 | Research | Fletching |
| 20:48 | Create | Villager (Male) |
| 20:50 | Build | Farm |
| 20:51 | Build | Farm |
| 20:58 | Research | Husbandry |
| 21:05 | Create | Monk |
| 21:12 | Create | Camel Archer |
| 21:12 | Create | Camel Archer |
| 21:13 | Create | Camel Archer |
| 21:27 | Create | Villager (Male) |
| 21:27 | Build | Farm |
| 21:30 | Create | Villager (Male) |
| 21:37 | Build | Lumber Camp |
| 21:38 | Create | Camel Archer |
| 21:38 | Create | Camel Archer |
| 21:45 | Create | Camel Archer |
| 21:47 | Build | Farm |
| 21:49 | Create | Camel Archer |
| 21:57 | Create | Camel Archer |
| 22:03 | Create | Monk |
| 22:07 | Create | Villager (Male) |
| 22:09 | Create | Villager (Male) |
| 22:18 | Create | Camel Archer |
| 22:25 | Create | Camel Archer |
| 22:27 | Create | Villager (Male) |
| 22:31 | Research | Bodkin Arrow |
| 22:34 | Create | Camel Archer |
| 22:37 | Create | Camel Archer |
Build order — shiXo.#
First 150 of 330 actions detected
| 0:02 | Create | Villager (Male) |
| 0:02 | Build | House |
| 0:04 | Build | House |
| 0:09 | Create | Villager (Male) |
| 0:10 | Create | Villager (Male) |
| 0:19 | Create | Villager (Male) |
| 1:25 | Create | Villager (Male) |
| 2:01 | Create | Villager (Male) |
| 2:17 | Create | Villager (Male) |
| 2:46 | Create | Villager (Male) |
| 2:48 | Create | Villager (Male) |
| 3:21 | Build | House |
| 3:42 | Create | Villager (Male) |
| 4:01 | Create | Villager (Male) |
| 4:34 | Create | Villager (Male) |
| 4:46 | Create | Villager (Male) |
| 4:46 | Create | Villager (Male) |
| 4:46 | Create | Villager (Male) |
| 5:27 | Create | Villager (Male) |
| 5:58 | Research | Loom |
| 6:31 | Build | Mill |
| 6:44 | Create | Villager (Male) |
| 7:02 | Research | Feudal Age |
| 8:21 | Build | House |
| 8:21 | Build | Barracks |
| 9:10 | Build | House |
| 9:16 | Create | Villager (Male) |
| 9:17 | Create | Villager (Male) |
| 9:19 | Age | Feudal Age |
| 9:29 | Create | Villager (Male) |
| 9:44 | Build | Stable |
| 9:45 | Research | Double-Bit Axe |
| 9:46 | Create | Villager (Male) |
| 9:48 | Build | House |
| 9:49 | Build | Palisade Wall |
| 10:08 | Research | Horse Collar |
| 10:09 | Create | Villager (Male) |
| 10:13 | Build | Palisade Wall |
| 10:18 | Create | Spearman |
| 10:32 | Build | Farm |
| 10:53 | Create | Scout Cavalry |
| 10:54 | Create | Scout Cavalry |
| 11:04 | Build | Farm |
| 11:05 | Build | Farm |
| 11:11 | Create | Spearman |
| 11:14 | Build | Farm |
| 11:27 | Create | Villager (Male) |
| 11:30 | Build | Farm |
| 11:58 | Create | Scout Cavalry |
| 12:12 | Build | House |
| 12:20 | Create | Villager (Male) |
| 12:23 | Build | Farm |
| 12:25 | Build | Farm |
| 12:31 | Build | House |
| 12:33 | Build | Palisade Wall |
| 12:34 | Build | Palisade Wall |
| 12:37 | Create | Scout Cavalry |
| 12:52 | Create | Villager (Male) |
| 13:06 | Create | Villager (Male) |
| 13:08 | Build | Farm |
| 13:10 | Build | Farm |
| 13:24 | Create | Villager (Male) |
| 13:29 | Build | House |
| 13:30 | Build | Palisade Wall |
| 13:35 | Create | Villager (Male) |
| 13:38 | Build | Mule Cart |
| 13:41 | Build | Farm |
| 13:42 | Build | Farm |
| 13:48 | Create | Villager (Male) |
| 13:51 | Build | Farm |
| 14:00 | Create | Villager (Male) |
| 14:07 | Build | House |
| 14:10 | Create | Villager (Male) |
| 14:10 | Create | Villager (Male) |
| 14:17 | Create | Villager (Male) |
| 14:20 | Create | Villager (Male) |
| 14:20 | Create | Villager (Male) |
| 14:38 | Create | Villager (Male) |
| 14:58 | Create | Villager (Male) |
| 15:06 | Create | Villager (Male) |
| 15:10 | Build | Farm |
| 15:27 | Build | Blacksmith |
| 15:47 | Build | Farm |
| 16:20 | Build | House |
| 16:40 | Research | Castle Age |
| 17:12 | Build | House |
| 17:24 | Research | Forging |
| 17:35 | Create | Scout Cavalry |
| 17:47 | Build | Farm |
| 18:11 | Create | Villager (Male) |
| 18:50 | Build | Farm |
| 18:59 | Research | Wheelbarrow |
| 19:20 | Age | Castle Age |
| 19:22 | Build | Town Center |
| 19:24 | Create | Villager (Male) |
| 19:26 | Research | Bow Saw |
| 19:28 | Research | Gold Mining |
| 19:30 | Research | Heavy Plow |
| 19:40 | Build | Monastery |
| 19:45 | Build | Monastery |
| 19:57 | Research | Town Watch |
| 20:08 | Research | Light Cavalry (upgrade) |
| 20:23 | Build | House |
| 20:24 | Build | House |
| 20:51 | Create | Villager (Male) |
| 20:52 | Create | Monk |
| 20:53 | Create | Villager (Male) |
| 20:58 | Build | Town Center |
| 21:11 | Create | Villager (Male) |
| 21:17 | Create | Villager (Male) |
| 21:27 | Create | Villager (Male) |
| 21:32 | Create | Villager (Male) |
| 21:34 | Build | Monastery |
| 21:46 | Create | Villager (Male) |
| 21:49 | Build | Farm |
| 21:50 | Create | Villager (Male) |
| 21:55 | Create | Villager (Male) |
| 22:01 | Build | House |
| 22:02 | Build | House |
| 22:02 | Build | House |
| 22:03 | Build | House |
| 22:15 | Create | Monk |
| 22:30 | Create | Villager (Male) |
| 22:33 | Build | Farm |
| 22:38 | Research | Hand Cart |
| 22:40 | Create | Villager (Male) |
| 22:41 | Create | Villager (Male) |
| 22:41 | Create | Villager (Male) |
| 22:43 | Create | Monk |
| 22:43 | Create | Monk |
| 22:51 | Create | Villager (Male) |
| 23:15 | Research | Fletching |
| 23:23 | Build | Farm |
| 23:23 | Create | Villager (Male) |
| 23:24 | Create | Villager (Male) |
| 23:26 | Create | Monk |
| 23:31 | Create | Villager (Male) |
| 23:37 | Build | Farm |
| 23:38 | Build | Farm |
| 24:11 | Build | Siege Workshop |
| 24:11 | Create | Villager (Male) |
| 24:12 | Create | Villager (Male) |
| 24:12 | Create | Villager (Male) |
| 24:23 | Create | Villager (Male) |
| 24:23 | Create | Villager (Male) |
| 24:23 | Create | Villager (Male) |
| 24:30 | Create | Villager (Male) |
| 24:31 | Create | Monk |
| 24:36 | Build | Mule Cart |
| 24:47 | Create | Knight |
Match timeline
| 7:54 | [R1] PoXoLo · first_building Barracks |
| 8:21 | shiXo.# · first_building Barracks |
| 8:50 | [R1] PoXoLo · age_up feudal |
| 8:52 | [R1] PoXoLo · first_building Stable |
| 9:19 | shiXo.# · age_up feudal |
| 9:41 | [R1] PoXoLo · wall_segment Palisade Wall x2 |
| 9:42 | [R1] PoXoLo · wall_segment Palisade Wall x8 |
| 9:44 | shiXo.# · first_building Stable |
| 9:49 | shiXo.# · wall_segment Palisade Wall x1 |
| 10:13 | shiXo.# · wall_segment Palisade Wall x6 |
| 10:46 | [R1] PoXoLo · wall_segment Palisade Wall x6 |
| 10:48 | [R1] PoXoLo · wall_segment Palisade Wall x2 |
| 11:02 | [R1] PoXoLo · wall_segment Palisade Wall x7 |
| 12:33 | shiXo.# · wall_segment Palisade Wall x5 |
| 12:34 | shiXo.# · wall_segment Palisade Wall x6 |
| 12:50 | [R1] PoXoLo · wall_segment Palisade Wall x1 |
| 13:15 | [R1] PoXoLo · wall_segment Palisade Wall x1 |
| 13:17 | [R1] PoXoLo · wall_segment Palisade Wall x1 |
| 13:30 | shiXo.# · wall_segment Palisade Wall x10 |
| 13:30 | [R1] PoXoLo · wall_segment Palisade Wall x4 |
| 19:20 | shiXo.# · age_up castle |
| 19:26 | [R1] PoXoLo · age_up castle |
| 19:35 | [R1] PoXoLo · wall_segment Palisade Wall x1 |
| 19:40 | shiXo.# · first_building Monastery |
| 19:51 | [R1] PoXoLo · first_building Monastery |
| 20:07 | [R1] PoXoLo · first_building Castle |
| 23:31 | [R1] PoXoLo · first_building Siege Workshop |
| 24:11 | shiXo.# · first_building Siege Workshop |
| 28:46 | [R1] PoXoLo · first_market_sell 100 wood |
| 29:38 | [R1] PoXoLo · first_market_buy 100 stone |
| 31:00 | shiXo.# · first_building Castle |
| 33:58 | shiXo.# · first_market_buy 100 food |
| 34:46 | shiXo.# · first_market_sell 100 wood |
| 36:44 | shiXo.# · age_up imperial |
| 45:12 | [R1] PoXoLo · age_up imperial |
| 45:25 | shiXo.# · resign |
[ AI ANALYSIS · 1 CREDIT ]
What really happened in this match?
Wolo.gg analyzes every decision: build order, eco, micro, common mistakes by bracket. Personalized analysis on WhatsApp or Discord in 30 seconds.
Civ guide
Berbers
Perfil
Jugador #340055